 Dungeon Crawl Stone Soup version 0.31-a0-851-g7ff8af7976 (webtiles) character file.

Game seed: 469498301202783443

8 gruber the Chiller (level 2, 19/19 HPs)
             Began as a Demonspawn Ice Elementalist on Oct 5, 2023.
             Quit the game on level 1 of the Dungeon.
             The game lasted 00:00:26 (249 turns).

gruber the Chiller (Demonspawn Ice Elementalist)     Turns: 249, Time: 00:00:26

Health: 19/19      AC:  2    Str:  8    XL:     2   Next: 0%
Magic:  1/5        EV: 12    Int: 16    God:
Gold:   0          SH:  0    Dex: 13    Spells: 4/5 levels left

rFire   . . .        e - +0 dagger
rCold   . . .        (no shield)
rNeg    . . .        a - +0 robe
rPois   .            (no helmet)
rElec   .            (no cloak)
rCorr   .            (no gloves)
SInv    .            (no boots)
Will    .....        (no amulet)
Stlth   ++           (no ring)
HPRegen 0.23/turn    (no ring)
MPRegen 0.09/turn

%: no passive effects
@: no status effects
A: claws 1
a: no special abilities


You were on level 1 of the Dungeon.
You visited 1 branch of the dungeon, and saw 1 of its levels.

Inventory:

Hand Weapons
 e - a +0 dagger (weapon)
Armour
 a - a +0 robe (worn)
Scrolls
 c - a scroll of vulnerability {unknown}
Potions
 b - a potion of magic
 d - a potion of might {unknown}


   Skills:
 - Level 1.7 Dodging
 - Level 1.7 Stealth
 - Level 2.0 Spellcasting
 + Level 4.0 Ice Magic


You had 4 spell levels left.
You knew the following spells:

 Your Spells              Type           Power      Damage    Failure   Level
a - Freeze                Ice            56%        1d7       4%          1

Your spell library contained the following spells:

 Spells                   Type           Power      Damage    Failure   Level
 Frozen Ramparts          Ice            28%        1d5       12%         3
 Ozocubu's Armour         Ice            14%        N/A       12%         3
 Summon Ice Beast         Ice/Summ       8%         N/A       65%         4


Dungeon Overview and Level Annotations

Branches:
Dungeon (1/15)

Altars:


Innate Abilities, Weirdness & Mutations

You have sharp fingernails.


Message History

You kill the rat!
You can't see any susceptible monsters within range! (Use Z to cast anyway.)
You see here a rat corpse.
A giant cockroach comes into view.
Found a dagger.
A giant cockroach is nearby!
A giant cockroach is nearby!
A giant cockroach is nearby!
A giant cockroach is nearby!
Found a robe.
The giant cockroach barely misses you.
You freeze the giant cockroach.
The giant cockroach is almost dead.
The giant cockroach closely misses you.
You freeze the giant cockroach.
You kill the giant cockroach!
Your Ice Magic skill increases to level 4!
You can't see any susceptible monsters within range! (Use Z to cast anyway.)
You can't see any susceptible monsters within range! (Use Z to cast anyway.)
A quokka and a goblin come into view.
Things that are here:
a +0 dagger; a giant cockroach corpse
e - a +0 dagger The goblin shouts!
The goblin misses you.
Okay, then.
Unknown command.
e - a +0 dagger (weapon)
You freeze the goblin.
The goblin is moderately wounded.
The quokka twitches its whiskers.
The goblin closely misses you.
You freeze the goblin.
You kill the goblin!
You have reached level 2!
You feel monstrous as your demonic heritage exerts itself.
Your demonic ancestry asserts itself...
Your fingernails lengthen.
Unknown command.
Are you sure you want to abandon this character and quit the game? (Confirm with "yes".)

#. ################.
#.............##.
#######.###########.##.
.....#.# #.##.
..###.#.#.# #.#..
..[.......# #.#..
..###.#†#############....
.......r@)...............
#.....#.###############..
...####.# #.# .. ###
############### .
#..............
#.############# .## #...#
...####.#.# ..........#


You could see a quokka.

Vanquished Creatures
  3 giant cockroaches (D:1)
  A goblin (D:1)
  A ball python (D:1)
  A bat (D:1)
  2 rats (D:1)
8 creatures vanquished.

Notes
Turn   | Place    | Note
-------+----------+-------------------------------------------
     0 | D:1      | gruber the Demonspawn Ice Elementalist began the quest for
                  | the Orb.
     0 | D:1      | Reached XP level 1. HP: 13/13 MP: 3/3
   219 | D:1      | Reached skill level 4 in Ice Magic
   249 | D:1      | Discovered your monstrous ancestry.
   249 | D:1      | Gained mutation: You have sharp fingernails. [demonic
                  | ancestry]
   249 | D:1      | Reached XP level 2. HP: 19/19 MP: 1/5
   249 | D:1      | Quit the game

Illustrated notes

Levels and vault maps discovered:
D:1:      wander_arrival_peaceful_grave, layout_basic, serial_shops, shop,
          minivault_19, minmay_unequal

Skill      XL: |  1 |
---------------+----+-----
Ice Magic      | 4 |  4.0
Dodging        | |  1.7
Stealth        | |  1.7
Spellcasting   | |  2.0

Action                     || total
---------------------------++-------
  Melee: Unarmed           ||    12
   Cast: Freeze            ||    13
 Armour: Robe              ||     5
  Dodge: Dodged            ||    19

Table legend: (Time is in decaauts)
 A = Elapsed time spent in this place.
 B = Non-inter-level travel time spent in this place.
 C = Inter-level travel time spent in this place.
 D = Time resting spent in this place.
 E = Time spent auto-exploring this place.
 F = Levels seen in this place.
 G = Mean time per level.
                   A        B        C        D        E       F      G
               +--------+--------+--------+--------+--------+-----+--------+
         Total |    248 |    248 |      0 |      0 |    197 |   1 |  248.0 |
       Dungeon |    248 |    248 |      0 |      0 |    197 |   1 |  248.0 |
               +--------+--------+--------+--------+--------+-----+--------+

Top non-repeatable levels by time:
     D:1: 248 daAuts
